 Dungeon Crawl Stone Soup version 0.29-a0-284-gf9362112df (webtiles) character file.

Game seed: 15356025659419667582

112 sammy202020 the Ruffian (level 4, -12/45 HPs)
             Began as a Troll Fighter on Mar 18, 2022.
             Mangled by a goblin
             ... wielding a +2 dagger of electrocution
             ... led by Robin
              (15 damage)
             ... on level 3 of the Dungeon.
             The game lasted 00:04:26 (1451 turns).

sammy202020 the Ruffian (Troll Fighter)             Turns: 1451, Time: 00:04:27

Health: -12/45     AC:  4    Str: 24    XL:     4   Next: 63%
Magic:  3/3        EV:  8    Int:  6    God:
Gold:   77         SH:  7    Dex:  9    Spells: 3/3 levels left

rFire   . . .      SeeInvis .     - Unarmed
rCold   . . .      Faith    .   b - +0 kite shield
rNeg    . . .      Spirit   .   a - +0 robe
rPois   .          Reflect  .   (helmet restricted)
rElec   .          Harm     .   (no cloak)
rCorr   .          Rampage  .   (gloves unavailable)
Will    .....                   (boots unavailable)
Stlth   +.........              (no amulet)
HPRegen 0.95/turn               (no ring)
MPRegen 0.08/turn               (no ring)

@: mighty
A: large, unfitting armour, claws 3, regeneration 1, shaggy fur 1, tough skin 1
a: no special abilities


You were on level 3 of the Dungeon.
You visited 1 branch of the dungeon, and saw 3 of its levels.

You collected 77 gold pieces.

Inventory:

Hand Weapons
 m - a +0 mace
 p - a +2 mace of holy wrath
Missiles
 h - 3 javelins (quivered)
Armour
 a - a +0 robe (worn)
 b - a +0 kite shield (worn)
Wands
 o - a wand of polymorph (6)
Scrolls
 d - a scroll of magic mapping {unknown}
 f - a scroll of torment {unknown}
 g - 2 scrolls of blinking {unknown}
 j - a scroll of identify {unknown}
 n - a scroll of vulnerability {unknown}
Potions
 e - a potion of flight {unknown}
 i - a potion of resistance {unknown}
 k - 2 potions of attraction {unknown}
 l - a potion of lignification {unknown}


   Skills:
 * Level 3.1 Fighting
 + Level 0.6 Maces & Flails
 * Level 2.8 Dodging
 * Level 2.9 Shields
 * Level 3.1 Unarmed Combat


You had 3 spell levels left.
You didn't know any spells.
Your spell library was empty.

Dungeon Overview and Level Annotations

Branches:
Dungeon (3/15)

Altars:

Annotations:
D:3 Robin


Innate Abilities, Weirdness & Mutations

You are too large for most types of armour.
You have claws for hands.
Your natural rate of healing is unusually fast.
You are covered in fur. (AC +1)
You have tough skin. (AC +1)


Message History

The goblin barely misses you.
You closely miss the goblin.
The goblin no longer looks unusually strong.
You block the goblin's attack. The goblin barely misses you.
Robin roars a battlecry!
The goblin goes into a battle-frenzy!
You block the goblin's attack. The goblin hits you with a +0 club.
You claw the goblin!
You kill the goblin!
The goblin hits you but does no damage. You block the goblin's attack.
The goblin hits you with a +0 club. x2; The goblin closely misses you.
You block the goblin's attack. The goblin closely misses you.
You claw the goblin!
You kill the goblin!
The hobgoblin no longer looks unusually strong.
Robin throws the goblin at you! The goblin barely misses you.
The goblin hits you with a +0 club. You block the goblin's attack. x2
You scratch the goblin.
You kill the goblin!
The goblin no longer looks unusually strong.
Robin throws the goblin at you!
A hobgoblin comes into view.
The goblin hits you with a +0 dagger. You block the goblin's attack.
The goblin hits you but does no damage.
You are electrocuted!
* * * LOW HITPOINT WARNING * * *
The goblin hits you with a +0 club.
* * * LOW HITPOINT WARNING * * *
You feel very mighty all of a sudden.
The goblin no longer looks unusually strong.
You block the goblin's attack.
The goblin hits you but does no damage. x2
The goblin barely misses you.
You barely miss the goblin.
The goblin no longer looks unusually strong.
Robin roars a battlecry!
The goblins go into a battle-frenzy!
The goblin hits you with a +0 dagger.
* * * LOW HITPOINT WARNING * * *
You block the goblin's attack. The goblin hits you but does no damage.
You are electrocuted!
You die...

#.....#
#####+####..#
#........##.#
#........+..#
#......†.#..##
#............#
#......♣.♣..+#
##gg..♣♣♣♣♣♣...
#@♣♣.♣ ...#
#gg♣♣♣ ♣....
#g♣♣ .#...
.......gg♣
.....
........♣♣ .###
........♣
###..#..♣
.<.g...♣ .##.
...♣


You could see Robin, 2 hobgoblins and 4 goblins.

Vanquished Creatures
  5 adders
  2 worms (D:2)
  3 dart slugs (D:1)
  An orc (D:3)
  3 ball pythons
  2 bats (D:2)
  5 endoplasms
  4 giant cockroaches
  5 hobgoblins
  3 jackals (D:1)
  2 quokkas
  2 frilled lizards (D:2)
  6 goblins
  3 kobolds
  5 rats
51 creatures vanquished.

Notes
Turn   | Place    | Note
-------+----------+-------------------------------------------
     0 | D:1      | sammy202020 the Troll Fighter began the quest for the Orb.
     0 | D:1      | Reached XP level 1. HP: 22/22 MP: 0/0
   217 | D:1      | Reached XP level 2. HP: 29/29 MP: 1/1
   779 | D:2      | Reached XP level 3. HP: 23/36 MP: 2/2
   991 | D:2      | Reached XP level 4. HP: 41/45 MP: 3/3
  1433 | D:3      | Noticed Robin
  1451 | D:3      | Mangled by a goblin

Illustrated notes

Levels and vault maps discovered:
D:1:      dpeg_arrival_snail, layout_basic
D:2:      layout_loops_ring, minmay_ruptured
D:3:      layout_basic, serial_shops, shop, chequers_ecumenical_altar_grove,
          uniq_robin

Skill      XL: |  1  2  3 |
---------------+----------+-----
Fighting       | 3 |  3.1
Unarmed Combat | 3 |  3.1
Maces & Flails | |  0.6
Dodging        | |  2.8
Shields        | |  2.9

Action                   |  1- 3 |  4- 6 || total
-------------------------+-------+-------++-------
Melee: Unarmed           |   106 |    37 ||   143
  Use: Potion            |       |     1 ||     1
Armor: Robe              |    47 |    19 ||    66
Dodge: Dodged            |    38 |    21 ||    59
Block: Kite shield       |    51 |    25 ||    76

Table legend: (Time is in decaauts)
 A = Elapsed time spent in this place.
 B = Non-inter-level travel time spent in this place.
 C = Inter-level travel time spent in this place.
 D = Time resting spent in this place.
 E = Time spent auto-exploring this place.
 F = Levels seen in this place.
 G = Mean time per level.
                   A        B        C        D        E       F      G
               +--------+--------+--------+--------+--------+-----+--------+
         Total |   1462 |   1441 |     21 |      0 |   1106 |   3 |  487.3 |
       Dungeon |   1462 |   1441 |     21 |      0 |   1106 |   3 |  487.3 |
               +--------+--------+--------+--------+--------+-----+--------+

Top non-repeatable levels by time:
     D:1: 774 daAuts
     D:2: 623 daAuts
     D:3: 64 daAuts
